 Dungeon Crawl Stone Soup version 0.23.2-40-g277498a001 (webtiles) character file.

Game seed: 1274788791684907250

44 H0rd4k the Charlatan (level 3, -6/26 HPs)
             Began as a Human Artificer on Sept 5, 2019.
             Mangled by Sigmund
             ... wielding a cursed -2 scythe
              (8 damage)
             ... on level 2 of the Dungeon.
             The game lasted 00:01:28 (1299 turns).

H0rd4k the Charlatan (Human Artificer)              Turns: 1299, Time: 00:01:29

Health: -6/26      AC:  3    Str: 13    XL:     3   Next: 87%
Magic:  5/5        EV: 12    Int: 11    God:
Gold:   42         SH:  0    Dex: 13    Spells: 2/2 levels left

rFire    . . .     SeeInvis .   a - +0 short sword
rCold    . . .     Gourm    .   (no shield)
rNeg     . . .     Faith    .   n - +0 leather armour (curse)
rPois    .         Spirit   .   (no helmet)
rElec    .         Reflect  .   (no cloak)
rCorr    .         Harm     .   (no gloves)
MR       .....                  (no boots)
Stlth    +.........             (no amulet)
HPRegen  0.08/turn              (no ring)
MPRegen  0.09/turn              (no ring)

@: no status effects
A: no striking features
a: no special abilities


You were on level 2 of the Dungeon.
You were very hungry.

You visited 1 branch of the dungeon, and saw 2 of its levels.

You collected 42 gold pieces.

Inventory:

Hand Weapons
 a - a +0 short sword (weapon)
Armour
 b - a +0 leather armour
 n - a cursed +0 leather armour (worn)
Wands
 c - a wand of flame (15)
 d - a wand of enslavement (15)
 e - a wand of random effects (6)
Scrolls
 g - 3 scrolls of identify {unknown}
 i - a scroll of amnesia {unknown}
 j - 2 scrolls of remove curse {unknown}
 k - a scroll of magic mapping {unknown}
 l - a scroll of blinking {unknown}
Potions
 h - a potion of heal wounds {unknown}
 m - a potion of brilliance {unknown}
Comestibles
 f - 6 rations


   Skills:
 + Level 1.1 Fighting
 + Level 2.0 Short Blades
 + Level 0.6 Armour
 + Level 2.2 Dodging
 + Level 1.3 Stealth
 + Level 3.5 Evocations


You had 2 spell levels left.
You didn't know any spells.
Your spell library was empty.

Dungeon Overview and Level Annotations

Branches:
Dungeon (2/15)

Altars:

Annotations:
D:2 Sigmund


Message History

The magic dart hits you!
* * * LOW HITPOINT WARNING * * *
Something tries to affect you, but you resist.
Evoke which item? (* to show all) (? for menu, Esc to quit)
Aiming: Random Effects
Press: ? - help, Shift-Dir - straight line Nothing appears to happen.
Evoke which item? (* to show all) (? for menu, Esc to quit)
Aiming: Random Effects
Press: ? - help, Shift-Dir - straight line The fireball explodes!
The fireball engulfs something.
Evoke which item? (* to show all) (? for menu, Esc to quit)
Aiming: Random Effects
Press: ? - help, Shift-Dir - straight line Something barely misses you.
Evoke which item? (* to show all) (? for menu, Esc to quit)
Aiming: Random Effects
Press: ? - help, Shift-Dir - straight line The fireball explodes!
The fireball engulfs something.
Something hits you!
You die...

########
#...?..######## ##
#.####.##.....###.
#.####.##.....##..
#.#....{รท.....#...
#.#.##.##.......##
##@#.##.##.....#...
#.......####.####.. .
#.##...## ### #.. .##
#.##...## #.# ..#
#.#.....## ##'# #.#
#..(.....# ##... ##
#.# #.#..(..## ##....
##.##.# #.##....#
#.....
###...#.####........#
#......


There were no monsters in sight!

Vanquished Creatures
  2 adders (D:2)
  A dart slug (D:1)
  A leopard gecko (D:2)
  2 giant cockroaches
  3 goblins (D:1)
  4 hobgoblins (D:1)
  2 kobolds
  A ball python (D:1)
  3 bats
  2 frilled lizards (D:1)
  2 rats
23 creatures vanquished.

Notes
Turn   | Place    | Note
-------+----------+-------------------------------------------
     0 | D:1      | H0rd4k the Human Artificer began the quest for the Orb.
     0 | D:1      | Reached XP level 1. HP: 15/15 MP: 3/3
   157 | D:1      | Reached XP level 2. HP: 21/21 MP: 4/4
   605 | D:1      | Reached XP level 3. HP: 19/26 MP: 5/5
  1092 | D:2      | Noticed Sigmund
  1294 | D:2      | HP: 1/26 [something/magic dart (7)]
  1299 | D:2      | Mangled by Sigmund

Skill      XL: |  1  2  3 |
---------------+----------+-----
Short Blades   | 2 |  2.0
Fighting       | |  1.1
Armour         | |  0.6
Dodging        | |  2.2
Stealth        | |  1.3
Evocations     | |  3.5

Action                   || total
-------------------------++-------
Melee: Short sword       ||    89
Evoke: Wand              ||     9
 Stab: Sleeping          ||     1
Armor: Leather armour    ||    58
Dodge: Dodged            ||   117
